Map: 2000 Atmospheres LE

Players

TriGGeR

  • Race: Protoss Protoss
  • League: Grandmaster

JonSnow - Winner!

  • Race: Zerg Zerg
  • League: Master

Event: DreamHack SC2 Masters 2021 Summer

VOD

Have the link to the VOD?

Description

Time

  • Played on: May 28, 2021, 5:19 p.m.
  • Length: 11:08

All games in this series

Show
View Real Time Build Order
Export as new Build Order

TriGGeR Protoss 

Build Orders: 1 Gate Expand, Zealot Archon 

Get SALT Encoding   

  12  0:00  Probe  
  13  0:12  Probe  
  14  0:19  Pylon  
  14  0:24  Probe  
  15  0:37  Probe (Chrono Boost)  
  15  0:38  Gateway  
  16  0:46  Probe (Chrono Boost), Assimilator  
  17  0:51  Probe  
  18  1:03  Probe  
  19  1:15  Probe  
  20  1:23  Nexus  
  20  1:28  Probe  
  21  1:37  Cybernetics Core  
  21  1:40  Probe  
  21  1:46  Assimilator  
  22  1:51  Pylon  
  22  1:54  Probe  
  23  2:09  Probe (Chrono Boost)  
  23  2:11  Adept (Chrono Boost)  
  23  2:14  Warp Gate  
  26  2:21  Probe (Chrono Boost)  
  27  2:26  Stargate  
  28  2:30  Probe (Chrono Boost)  
  28  2:35  Stalker  
  28  2:36  Probe (Chrono Boost)  
  32  2:45  Probe x2 (Chrono Boost)  
  32  2:50  Probe (Chrono Boost)  
  33  2:52  Probe  
  35  3:00  Void Ray (Chrono Boost)  
  35  3:02  Probe  
  35  3:04  Probe, Gateway  
  41  3:14  Probe  
  41  3:16  Probe  
  41  3:18  Pylon  
  43  3:26  Probe  
  44  3:28  Probe  
  45  3:38  Probe  
  45  3:39  Nexus  
  46  3:46  Probe, Void Ray (Chrono Boost)  
  46  3:51  Probe  
  49  3:58  Probe  
  50  4:03  Probe  
  51  4:10  Probe, Assimilator  
  51  4:11  Assimilator  
  51  4:12  Pylon  
  51  4:15  Probe  
  53  4:22  Probe  
  53  4:23  Pylon  
  54  4:24  Void Ray  
  54  4:27  Pylon  
  54  4:30  Probe  
  59  4:35  Probe  
  60  4:43  Probe (Chrono Boost)  
  60  4:44  Stargate, Adept  
  60  4:45  Adept  
  65  4:50  Probe (Chrono Boost)  
  65  4:51  Probe (Chrono Boost)  
  67  4:55  Probe (Chrono Boost)  
  70  5:00  Probe (Chrono Boost)  
  70  5:01  Shield Battery  
  70  5:02  Probe x2 (Chrono Boost)  
  70  5:04  Void Ray  
  70  5:05  Probe (Chrono Boost), Adept x2  
  75  5:12  Probe (Chrono Boost), Protoss Air Weapons Level 1  
  82  5:19  Probe x2 (Chrono Boost)  
  84  5:24  Probe (Chrono Boost), Pylon  
  84  5:26  Twilight Council  
  84  5:28  Probe, Forge  
  84  5:33  Void Ray  
  84  5:36  Probe (Chrono Boost)  
  84  5:37  Probe (Chrono Boost)  
  84  5:40  Assimilator  
  84  5:41  Assimilator  
  88  5:43  Gateway  
  88  5:46  Probe (Chrono Boost)  
  88  5:47  Gateway  
  90  5:50  Probe (Chrono Boost)  
  90  5:51  Probe (Chrono Boost)  
  90  5:54  Probe (Chrono Boost)  
  91  5:57  Robotics Facility  
  91  5:59  Probe  
  91  6:02  Gateway  
  92  6:06  Gateway  
  92  6:08  Probe  
  93  6:12  Protoss Ground Weapons Level 1, Charge  
  93  6:17  Templar Archives  
  93  6:20  Pylon  
  93  6:23  Adept x2  
  95  6:39  Gateway  
  95  6:41  Gateway, Immortal (Chrono Boost)  
  95  6:43  Zealot x2  
  99  6:54  Gateway  
  99  6:55  Gateway  
  93  7:02  High Templar x4  
  93  7:06  Archon x2, Pylon x2  
  101  7:10  Shield Battery  
  101  7:14  Photon Cannon, Immortal (Chrono Boost)  
  101  7:16  Photon Cannon  
  101  7:18  Gateway  
  101  7:19  Shield Battery  
  101  7:21  Photon Cannon  
  101  7:22  Zealot x2  
  107  7:29  Pylon  
  109  7:33  High Templar  
  109  7:35  High Templar  
  111  7:37  Pylon, Zealot x4  
  111  7:41  Psionic Storm  
  111  7:44  Pylon  
  119  7:53  Fleet Beacon  
  119  8:00  Observer  
  119  8:04  Nexus  
  120  8:06  Pylon  
  120  8:09  High Templar  
  122  8:12  Zealot  
  122  8:13  Zealot x3  
  130  8:20  High Templar  
  132  8:29  Zealot x4  
  140  8:38  High Templar  
  140  8:40  Carrier  
  148  8:46  Photon Cannon  
  148  8:47  Photon Cannon  
  138  8:49  Photon Cannon, Shield Battery  
  138  8:52  Zealot x3  
  142  9:02  Zealot x4  
  145  9:04  Archon x2  
  145  9:05  High Templar x2  
  145  9:08  Immortal (Chrono Boost)  
  137  9:15  High Templar  
  139  9:19  Shield Battery  
  139  9:22  Shield Battery  
  133  9:28  Zealot x2  
  133  9:29  Zealot  
  131  9:33  Zealot x2  
  131  9:37  Zealot  
  126  9:44  Archon  
  106  9:46  Zealot  
  106  9:49  Zealot x3  
  106  9:52  Zealot  
  88  9:59  High Templar x4  
  75  10:08  High Templar  
  75  10:13  Zealot x2  
  81  10:17  Shield Battery  
  81  10:21  Pylon  
  75  10:37  Zealot x3  
  75  10:38  Archon  
  77  10:47  Zealot x2  
  65  10:50  Zealot  
  65  10:54  High Templar x2  
  65  11:03  Zealot  
Show
View Real Time Build Order
Export as new Build Order

JonSnow Zerg - Winner!

Build Orders: Hatch First 

Get SALT Encoding   

  12  0:01  Drone  
  13  0:12  Overlord  
  13  0:17  Drone  
  14  0:31  Drone x2  
  16  0:48  Hatchery  
  15  0:54  Drone x2  
  17  1:05  Drone  
  17  1:08  Extractor  
  17  1:13  Spawning Pool  
  17  1:18  Drone  
  17  1:25  Drone  
  18  1:32  Drone  
  19  1:41  Drone  
  20  1:51  Overlord  
  20  2:01  Queen x2  
  22  2:03  Zergling x4  
  26  2:12  Drone x2  
  28  2:21  Metabolic Boost  
  28  2:35  Hatchery  
  27  2:37  Drone  
  27  2:39  Drone  
  27  2:41  Drone  
  30  2:47  Drone x2  
  32  2:53  Overlord  
  32  2:58  Queen  
  32  3:01  Zergling x2  
  35  3:07  Zergling x2  
  35  3:13  Drone x4  
  35  3:15  Drone  
  35  3:17  Zergling x2  
  41  3:22  Overlord  
  41  3:27  Overlord  
  41  3:31  Queen  
  43  3:40  Queen  
  44  3:48  Drone  
  44  3:49  Drone x5  
  44  3:51  Drone  
  44  3:52  Drone  
  52  3:58  Drone  
  52  3:59  Drone x2  
  55  4:03  Spore Crawler  
  55  4:04  Queen  
  55  4:06  Drone  
  55  4:09  Drone x2  
  59  4:11  Drone  
  59  4:17  Lair  
  60  4:19  Drone x2  
  60  4:22  Drone  
  63  4:26  Evolution Chamber  
  63  4:27  Drone, Extractor  
  63  4:28  Extractor  
  63  4:30  Drone x2  
  63  4:35  Drone x3  
  66  4:42  Baneling Nest  
  66  4:43  Drone  
  66  4:48  Overlord x4  
  66  4:54  Extractor  
  66  4:56  Zerg Melee Weapons Level 1  
  64  5:02  Drone x2  
  64  5:06  Overlord  
  65  5:09  Zergling x10  
  70  5:17  Drone x4  
  70  5:19  Extractor, Hydralisk Den  
  70  5:20  Drone x6  
  77  5:22  Drone  
  77  5:25  Extractor  
  77  5:35  Drone x3  
  78  5:38  Drone  
  78  5:40  Drone x3  
  78  5:42  Drone x2  
  84  5:43  Centrifical Hooks  
  84  5:51  Grooved Spines  
  84  6:00  Hatchery  
  83  6:06  Hydralisk x6  
  83  6:10  Overlord  
  95  6:12  Overlord x2  
  95  6:18  Hydralisk x3  
  99  6:34  Hydralisk  
  99  6:35  Hydralisk x6  
  99  6:37  Overlord x3  
  111  6:46  Overlord x2  
  111  6:49  Zergling x6  
  114  6:56  Hatchery  
  114  6:57  Zerg Missile Weapons Level 1  
  114  6:58  Zergling x6  
  116  7:03  Zergling x2  
  116  7:07  Hydralisk  
  116  7:08  Hydralisk  
  121  7:09  Spore Crawler  
  121  7:14  Overseer, Muscular Augments  
  121  7:15  Hydralisk  
  120  7:18  Hydralisk  
  120  7:19  Hydralisk  
  126  7:26  Hydralisk  
  128  7:30  Hydralisk x2  
  128  7:33  Hydralisk  
  134  7:38  Queen x3  
  140  7:45  Hydralisk x7  
  153  7:52  Hydralisk x2  
  153  7:53  Zergling x4  
  153  7:57  Overlord  
  159  8:08  Zergling x14  
  166  8:14  Zergling x4  
  166  8:16  Overlord x2  
  168  8:21  Queen  
  168  8:26  Zergling x12  
  176  8:30  Baneling x6  
  176  8:32  Baneling x5  
  175  8:34  Zergling x10  
  175  8:37  Zergling x6  
  183  8:48  Zergling x20  
  171  9:00  Zergling x8  
  171  9:02  Zergling x2  
  160  9:03  Zergling x6  
  156  9:11  Zergling x8  
  156  9:12  Zergling x4  
  161  9:23  Zergling x12  
  163  9:29  Zergling x4  
  151  9:34  Hydralisk x4  
  156  9:39  Baneling x2  
  156  9:40  Hydralisk x4  
  156  9:45  Hydralisk x2  
  143  9:50  Zergling x6  
  140  9:54  Hydralisk, Overseer  
  140  9:56  Queen  
  138  10:02  Spire  
  138  10:04  Baneling x2  
  138  10:05  Baneling x2  
  137  10:09  Drone x5  
  137  10:12  Drone x2  
  144  10:15  Drone  
  144  10:18  Drone x2  
  144  10:19  Queen  
  149  10:24  Drone x2  
  151  10:31  Drone  
  151  10:32  Drone x4  
  150  10:41  Drone x3  
Tags
 
Add a new tag
Caveats
  • Supply blocks, unpowered buildings, or Contaminate may cause inaccurate times.
  • Supply counts are checked every 10 seconds.